3AAA
HOUSTON BC @ GRYFINDOR BRAVES
06/18/2034
 
TOP OF THE 1ST
Houston BC batting - Pitching for Gryfindor Braves : RHP Harrison Dunning
Pitching: RHP Harrison Dunning
Batting: RHB Jud Regan 0-0: Called Strike
0-1: Ball
1-1: Ball
2-1: Ball
3-1: Foul Ball, location: 2F
3-2: Fly out, F6 (Popup, 6)
Batting: RHB Orlando Montejo 0-0: Ball
1-0: TRIPLE (Line Drive, 78D)
Batting: LHB Rich Watkins 0-0: Called Strike
0-1: Swinging Strike
0-2: Ball
1-2: Strikes out swinging
Batting: RHB Alba Hidalgo de Jesus 0-0: Called Strike
0-1: Ball
1-1: Swinging Strike
1-2: Ball
2-2: Foul Ball, location: 2F
2-2: Strikes out swinging
Top of the 1st over - 0 runs, 1 hit, 0 errors, 1 left on base; Houston 0 - Gryfindor 0
BOTTOM OF THE 1ST
Gryfindor Braves batting - Pitching for Houston BC : RHP Wop Baars
Pitching: RHP Wop Baars
Batting: LHB José Cuervo 0-0: Called Strike
0-1: Foul Ball, location: 2F
0-2: Ball
1-2: Foul Ball, location: 2F
1-2: Strikes out swinging
Batting: SHB Adrián Zamudio 0-0: Swinging Strike
0-1: Ball
1-1: Foul Ball, location: 2F
1-2: Ball
2-2: Ball
3-2: Foul Ball, location: 2F
3-2: Base on Balls
Batting: RHB Akke Derksen 0-0: Ball
1-0: Ball
2-0: Ball
3-0: Called Strike
3-1: Base on Balls
Adrián Zamudio to second
Batting: LHB Austin Hathaway 0-0: Ball
1-0: Ball
2-0: Ball
3-0: Base on Balls
Adrián Zamudio to third
Akke Derksen to second
Batting: LHB Gilberto Jiménez 0-0: Called Strike
0-1: Ball
1-1: Fly out, F8 (Flyball, 8LS)
Runner from 3rd tags up, SCORES, no throw
Batting: LHB Carroll Martin 0-0: Swinging Strike
0-1: Foul Ball, location: 2F
0-2: Ball
1-2: Strikes out looking
Bottom of the 1st over - 1 run, 0 hits, 0 errors, 2 left on base; Houston 0 - Gryfindor 1
TOP OF THE 2ND
Houston BC batting - Pitching for Gryfindor Braves : RHP Harrison Dunning
Batting: RHB Robby Arnold 0-0: Ball
1-0: Called Strike
1-1: Foul Ball, location: 2F
1-2: Strikes out swinging
Batting: RHB Abraham Phelps 0-0: Called Strike
0-1: Ball
1-1: Ball
2-1: Called Strike
2-2: Foul Ball, location: 2F
2-2: Foul Ball, location: 2F
2-2: Strikes out swinging, 2-3 out at first.
Batting: RHB Alfredo Mojica 0-0: Called Strike
0-1: Called Strike
0-2: Ball
1-2: Ball
2-2: Fly out, F6 (Line Drive, 56)
Top of the 2nd over - 0 runs, 0 hits, 0 errors, 0 left on base; Houston 0 - Gryfindor 1
BOTTOM OF THE 2ND
Gryfindor Braves batting - Pitching for Houston BC : RHP Wop Baars
Batting: RHB Javier López 0-0: Called Strike
0-1: Ball
1-1: Foul Ball, location: 2F
1-2: Foul Ball, location: 2F
1-2: Ball
2-2: Ball
3-2: Foul Ball, location: 2F
3-2: Ground out 6-3 (Groundball, 6)
Batting: RHB Ernesto Souza 0-0: Ball
1-0: Ball
2-0: Ground out 4-3 (Groundball, 4MS)
Batting: RHB Vicente Andros 0-0: Called Strike
0-1: Foul Ball, location: 2F
0-2: Foul Ball, location: 2F
0-2: Ball
1-2: Fly out, F8 (Flyball, 8LD)
Bottom of the 2nd over - 0 runs, 0 hits, 0 errors, 0 left on base; Houston 0 - Gryfindor 1
TOP OF THE 3RD
Houston BC batting - Pitching for Gryfindor Braves : RHP Harrison Dunning
Batting: RHB Tyler Utterback 0-0: Called Strike
0-1: Called Strike
0-2: Foul Ball, location: 2F
0-2: Strikes out looking
Batting: RHB José Perea 0-0: Ball
1-0: Called Strike
1-1: Ball
2-1: Ball
3-1: Base on Balls
Batting: RHB Jud Regan 0-0: Ball
1-0: Foul Ball, location: 2F
1-1: Called Strike
1-2: Foul Ball, location: 2F
1-2: Ball
2-2: Ball
3-2: Strikes out looking
Batting: RHB Orlando Montejo 0-0: Ball
1-0: Ball
2-0: Foul Ball, location: 2F
2-1: Called Strike
2-2: Ball
3-2: Fly out, F3 (Popup, 23)
Top of the 3rd over - 0 runs, 0 hits, 0 errors, 1 left on base; Houston 0 - Gryfindor 1
BOTTOM OF THE 3RD
Gryfindor Braves batting - Pitching for Houston BC : RHP Wop Baars
Batting: LHB José Cuervo 0-0: Fly out, F9 (Line Drive, 9S)
Batting: SHB Adrián Zamudio 0-0: Ball
1-0: Ball
2-0: Called Strike
2-1: Fly out, F4 (Popup, 4S)
Batting: RHB Akke Derksen 0-0: Ball
1-0: Fly out, F3 (Popup, 3F)
Bottom of the 3rd over - 0 runs, 0 hits, 0 errors, 0 left on base; Houston 0 - Gryfindor 1
TOP OF THE 4TH
Houston BC batting - Pitching for Gryfindor Braves : RHP Harrison Dunning
Batting: LHB Rich Watkins 0-0: Called Strike
0-1: Called Strike
0-2: Ball
1-2: Foul Ball, location: 2F
1-2: Strikes out swinging
Batting: RHB Alba Hidalgo de Jesus 0-0: Foul Ball, location: 2F
0-1: Ball
1-1: Fly out, F4 (Popup, 23)
Batting: RHB Robby Arnold 0-0: Called Strike
0-1: Foul Ball, location: 2F
0-2: Ball
1-2: Fly out, F6 (Line Drive, 6)
Top of the 4th over - 0 runs, 0 hits, 0 errors, 0 left on base; Houston 0 - Gryfindor 1
BOTTOM OF THE 4TH
Gryfindor Braves batting - Pitching for Houston BC : RHP Wop Baars
Batting: LHB Austin Hathaway 0-0: Foul Ball, location: 2F
0-1: Swinging Strike
0-2: Hit by Pitch
Batting: LHB Gilberto Jiménez 0-0: Called Strike
0-1: Swinging Strike
0-2: Ball
1-2: Ball
2-2: Strikes out swinging
Batting: LHB Carroll Martin 0-0: Foul Ball, location: 2F
0-1: Fielders Choice at 2nd, 1-6 (Groundball, 13S)
Batting: RHB Javier López 0-0: Foul Ball, location: 2F
0-1: Fielders Choice at 2nd, 6-4 (Groundball, 56)
Bottom of the 4th over - 0 runs, 0 hits, 0 errors, 1 left on base; Houston 0 - Gryfindor 1
TOP OF THE 5TH
Houston BC batting - Pitching for Gryfindor Braves : RHP Harrison Dunning
Batting: RHB Abraham Phelps 0-0: Called Strike
0-1: Ball
1-1: Swinging Strike
1-2: Strikes out swinging
Batting: RHB Alfredo Mojica 0-0: Ball
1-0: Ball
2-0: Called Strike
2-1: SINGLE (Groundball, 34D)
Batting: RHB Tyler Utterback 0-0: Ball
1-0: Ball
2-0: Fly out, F8 (Flyball, 78D)
Batting: RHB José Perea 0-0: Called Strike
0-1: Fly out, F7 (Flyball, 78D)
Top of the 5th over - 0 runs, 1 hit, 0 errors, 1 left on base; Houston 0 - Gryfindor 1
BOTTOM OF THE 5TH
Gryfindor Braves batting - Pitching for Houston BC : RHP Wop Baars
Batting: RHB Ernesto Souza 0-0: Fly out, F7 (Flyball, 7S)
Batting: RHB Vicente Andros 0-0: Ball
1-0: Ground out 6-3 (Groundball, 56)
Batting: LHB José Cuervo 0-0: Ball
1-0: Ball
2-0: SINGLE (Flyball, 78S)
Batting: SHB Adrián Zamudio 0-0: Reached on error, E1 (Groundball, 15S)
José Cuervo to third
Batting: RHB Akke Derksen 0-0: Ball
1-0: Ball
2-0: Called Strike
2-1: Foul Ball, location: 2F
2-2: Ball
3-2: Base on Balls
Batting: LHB Austin Hathaway 0-0: Called Strike
0-1: Ball
1-1: Swinging Strike
1-2: Fly out, F8 (Flyball, 8RM)
Bottom of the 5th over - 0 runs, 1 hit, 1 error, 3 left on base; Houston 0 - Gryfindor 1
TOP OF THE 6TH
Houston BC batting - Pitching for Gryfindor Braves : RHP Harrison Dunning
Batting: RHB Jud Regan 0-0: Fly out, F9 (Flyball, 9LSF)
Batting: RHB Orlando Montejo 0-0: Ball
1-0: Ball
2-0: Called Strike
2-1: Swinging Strike
2-2: Foul Ball, location: 2F
2-2: Ball
3-2: Foul Ball, location: 2F
3-2: Foul Ball, location: 2F
3-2: Ground out 5-3 (Groundball, 5)
Batting: LHB Rich Watkins 0-0: Ball
1-0: Ball
2-0: Ball
3-0: Base on Balls
Batting: RHB Alba Hidalgo de Jesus 0-0: Called Strike
0-1: Foul Ball, location: 2F
0-2: Ball
1-2: Ball
2-2: Ball
3-2: SINGLE (Line Drive, 78S)
Rich Watkins to second
Rich Watkins to third
Batting: RHB Robby Arnold 0-0: Ball
1-0: Ball
2-0: Foul Ball, location: 2F
2-1: Foul Ball, location: 2F
2-2: Fly out, F4 (Flyball, 34D)
Top of the 6th over - 0 runs, 1 hit, 0 errors, 2 left on base; Houston 0 - Gryfindor 1
BOTTOM OF THE 6TH
Gryfindor Braves batting - Pitching for Houston BC : RHP Wop Baars
Batting: LHB Gilberto Jiménez 0-0: Foul Ball, location: 2F
0-1: Ball
1-1: Ball
2-1: Foul Ball, location: 2F
2-2: Foul Ball, location: 2F
2-2: Ball
3-2: Fly out, F8 (Flyball, 8RM)
Batting: LHB Carroll Martin 0-0: Fly out, F8 (Line Drive, 8RS)
Batting: RHB Javier López 0-0: Fly out, F9 (Flyball, 9S)
Bottom of the 6th over - 0 runs, 0 hits, 0 errors, 0 left on base; Houston 0 - Gryfindor 1
TOP OF THE 7TH
Houston BC batting - Pitching for Gryfindor Braves : RHP Harrison Dunning
Pitching: RHP Denver Milne
Batting: RHB Abraham Phelps 0-0: Called Strike
0-1: Ball
1-1: Called Strike
1-2: Ball
2-2: Ball
3-2: Foul Ball, location: 2F
3-2: Ground out 6-3 (Groundball, 6)
Batting: RHB Alfredo Mojica 0-0: Called Strike
0-1: Called Strike
0-2: Strikes out swinging
Batting: RHB Tyler Utterback 0-0: Ball
1-0: Ball
2-0: Swinging Strike
2-1: Foul Ball, location: 2F
2-2: Ground out 6-3 (Groundball, 6)
Top of the 7th over - 0 runs, 0 hits, 0 errors, 0 left on base; Houston 0 - Gryfindor 1
BOTTOM OF THE 7TH
Gryfindor Braves batting - Pitching for Houston BC : RHP Wop Baars
Batting: RHB Ernesto Souza 0-0: Foul Ball, location: 2F
0-1: Ball
1-1: Ball
2-1: Foul Ball, location: 2F
2-2: Foul Ball, location: 2F
2-2: Ground out 4-3 (Groundball, 4)
Batting: RHB Vicente Andros 0-0: Called Strike
0-1: Foul Ball, location: 2F
0-2: Ball
1-2: Ball
2-2: Ground out 6-3 (Groundball, 6)
Pitching: LHP Ramón Negrón
Batting: LHB José Cuervo 0-0: Ball
1-0: Fly out, F8 (Line Drive, 89D)
Bottom of the 7th over - 0 runs, 0 hits, 0 errors, 0 left on base; Houston 0 - Gryfindor 1
TOP OF THE 8TH
Houston BC batting - Pitching for Gryfindor Braves : RHP Denver Milne
Batting: RHB José Perea 0-0: Ball
1-0: Called Strike
1-1: Foul Ball, location: 2F
1-2: Ball
2-2: Foul Ball, location: 2F
2-2: Ball
3-2: Foul Ball, location: 2F
3-2: Strikes out swinging
Batting: RHB Jud Regan 0-0: Called Strike
0-1: Foul Ball, location: 2F
0-2: Foul Ball, location: 2F
0-2: SINGLE (Flyball, 89M)
Batting: RHB Orlando Montejo 0-0: Ball
1-0: Foul Ball, location: 2F
1-1: Ball
2-1: Ball
3-1: Foul Ball, location: 2F
3-2: SINGLE (Groundball, 34D)
Jud Regan to second
Runner from 2nd tries for 3rd, SAFE, throw made to third
Batting: LHB Rich Watkins 0-0: Foul Ball, location: 2F
0-1: SINGLE (Groundball, 34D)
Jud Regan scores
Orlando Montejo to second
Runner from 2nd tries for 3rd, SAFE, throw made to third
Batting: RHB Alba Hidalgo de Jesus 0-0: Ball
1-0: Grounds into double play, 4-6-3 (Groundball, 4D)
Top of the 8th over - 1 run, 3 hits, 0 errors, 1 left on base; Houston 1 - Gryfindor 1
BOTTOM OF THE 8TH
Gryfindor Braves batting - Pitching for Houston BC : LHP Ramón Negrón
Batting: SHB Adrián Zamudio 0-0: Called Strike
0-1: SINGLE (Line Drive, 34D)
Batting: RHB Akke Derksen 0-0: Ball
1-0: Called Strike
1-1: Ball
2-1: Ball
3-1: Foul Ball, location: 2F
3-2: Base on Balls
Adrián Zamudio to second
Batting: LHB Austin Hathaway 0-0: Ball
1-0: Called Strike
1-1: Ball
2-1: Ball
3-1: Base on Balls
Adrián Zamudio to third
Akke Derksen to second
Batting: LHB Gilberto Jiménez 0-0: Ball
1-0: Ball
2-0: Foul Ball, location: 2F
2-1: Called Strike
2-2: Strikes out swinging
Batting: LHB Carroll Martin 0-0: Called Strike
0-1: Called Strike
0-2: Ball
1-2: Ball
2-2: Ball
Wild Pitch!
Adrián Zamudio scores
Akke Derksen to third
Austin Hathaway to second
3-2: Base on Balls
Batting: RHB Javier López 0-0: Called Strike
0-1: SINGLE (Groundball, 6MD)
Akke Derksen scores
Austin Hathaway to third
Carroll Martin to second
Pitching: RHP Júlio Rodríguez
Batting: RHB Ernesto Souza 0-0: Ball
1-0: Ball
2-0: Ball
3-0: Base on Balls
Austin Hathaway scores
Carroll Martin to third
Javier López to second
Batting: RHB Vicente Andros 0-0: Swinging Strike
0-1: Ball
1-1: Ball
2-1: Foul Ball, location: 2F
2-2: Foul Ball, location: 2F
2-2: Strikes out swinging
Batting: LHB José Cuervo 0-0: Ball
1-0: Swinging Strike
1-1: Swinging Strike
1-2: Ball
2-2: Foul Ball, location: 2F
2-2: Ball
3-2: SINGLE (Groundball, 4MD)
Carroll Martin scores
Javier López to third
Ernesto Souza to second
Javier López scores
Ernesto Souza to third
Batting: SHB Adrián Zamudio 0-0: Ball
1-0: Called Strike
1-1: Ground out 4-3 (Groundball, 4)
Bottom of the 8th over - 5 runs, 3 hits, 0 errors, 2 left on base; Houston 1 - Gryfindor 6
TOP OF THE 9TH
Houston BC batting - Pitching for Gryfindor Braves : RHP Denver Milne
Now at 1B: Tyler Knopp
Batting: RHB Robby Arnold 0-0: Called Strike
0-1: Foul Ball, location: 2F
0-2: Strikes out swinging
Batting: RHB Abraham Phelps 0-0: Called Strike
0-1: Ball
1-1: Ground out U3 (Groundball, 34)
Batting: RHB Alfredo Mojica 0-0: Ground out 4-3 (Groundball, 4)
Top of the 9th over - 0 runs, 0 hits, 0 errors, 0 left on base; Houston 1 - Gryfindor 6
Friday, March 29th, 2019 - OOTP Baseball 18.8 Build 76